 Dungeon Crawl Stone Soup version 0.19-a0-1457-g32fba05 (webtiles) character file.

631 shnurlf the Skirmisher (level 7, -17/57 HPs)
             Began as a Demonspawn Abyssal Knight on Sept 6, 2016.
             Was a Believer of Lugonu.
             Demolished by an ogre
             ... wielding a +0 giant spiked club
              (23 damage)
             ... on level 6 of the Dungeon.
             The game lasted 00:20:36 (6516 turns).

shnurlf the Skirmisher (Demonspawn Abyssal Knight)  Turns: 6516, Time: 00:20:37

Health: -17/57     AC: 16    Str: 16    XL:     7   Next: 24%
Magic:  0/8        EV:  4    Int: 13    God:    Lugonu [**....]
Gold:   325        SH:  0    Dex: 13    Spells: 0 memorised, 6 levels left

rFire  . . .     SeeInvis .     d - +0 long sword
rCold  + . .     Gourm    .     q - +3 plate armour of Kindness {rF+}
rNeg   + . .     Faith    .     (no shield)
rPois  .         Spirit   +     (helmet restricted)
rElec  .         Dismiss  .     t - +2 cloak of Conscience {rCorr Str+2}
rCorr  +         Reflect  .     (no gloves)
MR     .....     Harm     .     (no boots)
Stlth  ..........               (no amulet)
                                m - ring of ice
                                u - ring of positive energy

@: heavily drained, invisible
A: antennae 1, powered by pain 1, magic shield
a: Depart the Abyss, Bend Space, Renounce Religion


You were on level 6 of the Dungeon.
You worshipped Lugonu.
Lugonu was pleased with you.
You were not hungry.

You visited 1 branch of the dungeon, and saw 6 of its levels.
You visited the Abyss 1 time.
You also visited: Ossuary.

You collected 325 gold pieces.

Inventory:

Hand Weapons
 a - a +2 short sword
 d - a +0 long sword (weapon)
 r - the +7 sceptre of Torment
   (You found it on level 4 of the Dungeon)
Armour
 b - a +0 leather armour
 n - a +0 leather armour
 q - the +3 plate armour of Kindness (worn) {rF+}
   (You found it on level 4 of the Dungeon)

   It protects you from fire.
 t - the +2 cloak of Conscience (worn) {rCorr Str+2}
   (You found it on level 5 of the Dungeon)

   It affects your strength (+2).
   It protects you from acid and corrosion.
Jewellery
 m - a ring of ice (right hand)
 u - a ring of positive energy (left hand)
Wands
 p - a wand of teleportation (3/9)
Scrolls
 g - 2 scrolls of identify
 k - 3 scrolls of recharging
 l - a scroll of enchant weapon
Potions
 e - a potion of cancellation
 f - a potion of brilliance {unknown}
 o - a potion of degeneration {unknown}
 s - a potion of cure mutation {unknown}
Comestibles
 c - 2 bread rations
 v - a meat ration


   Skills:
 * Level 5.8(4.0) Fighting
 * Level 5.0(3.1) Short Blades
 + Level 2.5(0.8) Armour
 - Level 2.1(0.5) Dodging
 - Level 2.4(0.7) Invocations


You had 6 spell levels left.
You didn't know any spells.

Dungeon Overview and Level Annotations

Branches:
Dungeon (6/15)             Temple (0/1) D:5

Altars:
Makhleb
Qazlal
Zin

Shops:
D:5 *   D:6 ?(

Annotations:
D:5 Duvessa, Menkaure
D:6 Eustachio; Xiguana's ghost, novice FoFi


Innate Abilities, Weirdness & Mutations

You have a pair of small antennae on your head.
You sometimes gain a little power by taking damage.
When hurt, damage is shared between your health and your magic reserves.


Message History

The ogre is lightly wounded.
The ogre barely misses you.
You hit the ogre.
The ogre is lightly wounded.
The ogre hits you with a giant spiked club.
You slash the ogre!
The ogre is moderately wounded.
The ogre hits you with a giant spiked club!!
You hit the ogre.
The ogre is heavily wounded.
The ogre hits you with a giant spiked club!!
* * * LOW HITPOINT WARNING * * *
You focus on the pain.
You feel your power returning.
You slash the ogre!
The ogre is almost dead.
The ogre hits you with a giant spiked club!
* * * LOW HITPOINT WARNING * * *
You fade into invisibility!
The ogre hits you with a giant spiked club!!
You die...

#...#.....
.######......##...#.....
...#..........#..........
..............#.......###
..............##.........#
..........!...#..........#
..........................#
.........%..O.#.∩.#........#
...........@.......#.......#
................#..#.......#
............................
..........##.............#..
.........>..................
..........##.............###
........#.##...###.....##
................. ....
...............## ...


You could see an ogre.

Vanquished Creatures
  An ice beast (D:6)
  2 ogres
  Dowan (D:5)
  A crimson imp (D:5)
  2 hounds
  2 iguanas (D:4)
  A worker ant (D:2)
  A howler monkey zombie (D:6)
  A worker ant zombie (D:3)
  2 adders (D:2)
  2 oozes
  An adder skeleton (D:4)
  6 worms
  A dart slug (D:2)
  4 orcs
  8 giant cockroaches
  13 goblins
  4 hobgoblins
  3 jackals
  3 quokkas
  A ball python (D:2)
  6 bats
  A giant gecko skeleton (D:5)
  4 giant newts
  12 kobolds
  6 rats
89 creatures vanquished.

Notes
Turn   | Place    | Note
-------+----------+-------------------------------------------
     0 | Abyss:1  | shnurlf the Demonspawn Abyssal Knight began the quest for the Orb.
     0 | Abyss:1  | Reached XP level 1. HP: 18/18 MP: 2/2
    42 | Abyss:1  | Noticed a rakshasa
    44 | D:1      | Escaped the Abyss
    89 | D:1      | Reached * piety under Lugonu
    89 | D:1      | Reached skill level 1 in Dodging
   208 | D:1      | Gained mutation: You sometimes gain a little power by taking damage. [demonic ancestry]
   208 | D:1      | Reached XP level 2. HP: 24/24 MP: 3/3
   576 | D:1      | Gained mutation: You have a pair of small antennae on your head. [demonic ancestry]
   576 | D:1      | Reached XP level 3. HP: 29/29 MP: 4/4
   763 | D:3      | Noticed an ice beast
  1561 | D:2      | Reached ** piety under Lugonu
  1887 | D:2      | Gained mutation: When hurt, damage is shared between your health and your magic reserves. [demonic ancestry]
  1887 | D:2      | Reached XP level 4. HP: 22/37 MP: 5/5
  2969 | D:2      | Found a glowing silver altar of Zin.
  3208 | D:3      | Reached XP level 5. HP: 42/42 MP: 6/6
  3702 | D:4      | Found a sand-covered staircase.
  3777 | Ossuary  | Entered an ossuary
  3795 | Ossuary  | HP: 1/43 [human zombie (3)]
  3801 | Ossuary  | HP: 1/43 [jackal zombie (1)]
  3846 | D:4      | Noticed an ogre
  3880 | D:4      | Found a burning altar of Makhleb.
  3980 | D:3      | Found a stormy altar of Qazlal.
  4393 | D:5      | Entered Level 5 of the Dungeon
  4416 | D:4      | Got a crude plate armour
  4435 | D:4      | Identified the +3 plate armour of Kindness {rF+} (You found it on level 4 of the Dungeon)
  4494 | D:4      | Reached XP level 6. HP: 26/50 MP: 3/7
  4822 | D:6      | Found Mackus's Antique Weapon Emporium.
  4832 | D:6      | Reached skill level 5 in Fighting
  5246 | D:5      | Got an ichor-stained cloak
  5252 | D:5      | Identified the +2 cloak of Conscience {rCorr Str+2} (You found it on level 5 of the Dungeon)
  5260 | D:5      | Found Boitwut's Assorted Antiques.
  5288 | D:5      | Noticed Dowan
  5326 | D:5      | Killed Dowan
  5326 | D:5      | Reached XP level 7. HP: 56/56 MP: 8/8
  5482 | D:5      | Found a staircase to the Ecumenical Temple.
  5605 | D:5      | Noticed Menkaure
  5907 | D:5      | Noticed Duvessa
  6247 | D:6      | Reached skill level 5 in Short Blades
  6495 | D:6      | Noticed Xiguana's ghost (novice FoFi)
  6497 | D:6      | Noticed Eustachio
  6506 | D:6      | Found Yfajeot's Magic Scroll Shoppe.
  6516 | D:6      | Demolished by an ogre

Vault maps used:
D:1:      dpeg_arrival_arbitrary_c
D:2:      zin_treasury
D:3:      marbit_many_paths, serial_glass, glass_columns_c, glass_columns_a
D:4:      enter_ossuary_1, bloody_makhleb
D:5:      old_standard_altar, first_bread, serial_shops, nicolae_shop_crystal,
          uniq_menkaure, uniq_duvessa
D:6:      serial_shops, nicolae_shop_stone, nicolae_shop_overgrown_old_shop,
          uniq_eustachio, uniq_crazy_yiuf_cottage, uniq_prince_ribbit1
Ossuary:  ossuary_minmay_tomb_2a

Skill      XL: |  1  2  3  4  5  6  7 |
---------------+----------------------+-----
Dodging        | 1 2 |  2.1
Short Blades   | 2 3 4 5 |  5.0
Fighting       | 4 5 |  5.8
Armour         | 2 |  2.5
Invocations    | |  2.4

Action                   |  1- 3 |  4- 6 |  7- 9 || total
-------------------------+-------+-------+-------++-------
Melee: Short sword       |   182 |   222 |    63 ||   467
       Long sword        |       |       |    10 ||    10
Invok: Depart the Abyss  |     1 |       |       ||     1
       Bend Space        |       |     4 |       ||     4
Evoke: Wand              |       |       |     3 ||     3
  Use: Scroll            |       |    10 |     1 ||    11
       Potion            |       |     1 |     4 ||     5
 Stab: Sleeping          |       |     1 |       ||     1
  Eat: Chunk             |     2 |     9 |       ||    11
       Pizza             |     1 |       |       ||     1
       Royal jelly       |       |     1 |       ||     1
       Bread ration      |       |       |     1 ||     1
Armor: Leather armour    |    38 |    45 |       ||    83
       Plate armour      |       |    24 |    42 ||    66
Dodge: Dodged            |   103 |   131 |     7 ||   241
